 Dungeon Crawl Stone Soup version 0.28.0 (webtiles) character file.

Game seed: 13086401450019513177

53 RascalDebosk the Chiller (level 3, -2/28 HPs)
             Began as a Ghoul Ice Elementalist on Feb 14, 2022.
             Slain by a black bear (12 damage)
             ... on level 2 of the Dungeon on Feb 17, 2022.
             The game lasted 00:26:38 (2427 turns).

RascalDebosk the Chiller (Ghoul Ice Elementalist)   Turns: 2427, Time: 00:26:39

Health: -2/28      AC:  3    Str: 11    XL:     3   Next: 87%
Magic:  0/5        EV: 12    Int: 12    God:
Gold:   61         SH:  0    Dex:  9    Spells: 2/6 levels left

rFire   . . .      SeeInvis .   c - +0 dagger
rCold   + . .      Faith    .   (no shield)
rNeg    + + +      Spirit   .   a - +0 robe
rPois   ∞          Reflect  .   i - +0 helmet
rElec   .          Harm     .   (no cloak)
rCorr   .          Rampage  .   (no gloves)
Will    .....                   (no boots)
Stlth   ++........              (no amulet)
HPRegen 0.00/turn               (no ring)
MPRegen 0.09/turn               (no ring)

@: freezing walls, inhibited regen
A: claws 1, cold resistance 1, negative energy resistance 3, inhibited
regeneration, torment resistance 2
a: no special abilities


You were on level 2 of the Dungeon.
You visited 1 branch of the dungeon, and saw 2 of its levels.

You collected 61 gold pieces.

Inventory:

Hand Weapons
 c - a +0 dagger (weapon)
Armour
 a - a +0 robe (worn)
 i - a +0 helmet (worn)
Magical Staves
 f - a staff of earth
Scrolls
 g - a scroll of fog {unknown}
 h - a scroll of identify {unknown}
Potions
 b - a potion of haste {unknown}
 d - a potion of might {unknown}
 e - a potion of heal wounds {unknown}


   Skills:
 + Level 1.1 Fighting
 + Level 0.5 Short Blades
 + Level 2.1 Dodging
 * Level 2.9 Stealth
 * Level 2.1 Spellcasting
 * Level 4.8 Ice Magic


You had 2 spell levels left.
You knew the following spells:

 Your Spells              Type           Power      Damage    Failure   Level
a - Freeze                Ice            48%        1d7       3%          1
b - Frozen Ramparts       Ice            24%        1d4       11%         3

Your spell library contained the following spells:

 Spells                   Type           Power      Damage    Failure   Level
 Ozocubu's Armour         Ice            12%        N/A       11%         3
 Hailstorm                Conj/Ice       7%         3d4       69%         4


Dungeon Overview and Level Annotations

Branches:
Dungeon (2/15)

Altars:


Innate Abilities, Weirdness & Mutations

You thrive by killing the living.
You are immune to poison.
You have sharp fingernails.
Your flesh is cold resistant. (rC+)
You are immune to negative energy. (rN+++)
You do not regenerate when monsters are visible.
You are immune to unholy pain and torment.


Message History

The black bear growls angrily.
Casting: Freeze (safe; 3% risk of failure)
Confirm with . or Enter, or press ? or * to list all spells.
Okay, then.
Casting: Freeze (safe; 3% risk of failure)
Confirm with . or Enter, or press ? or * to list all spells.
The spell is quite dangerous to miscast (11% risk of failure)!
Continue anyway?
Casting: Frozen Ramparts (quite dangerous; 11% risk of failure)
Press: ? - help, Dir - look around, f - activate The walls around you are covered in ice.
The wall freezes the black bear.
Aiming: Freeze (safe; 3% risk of failure)
Press: ? - help, Q - select action Shift-Dir - straight line, f - black bear
Aim: a black bear (lightly wounded)
You freeze the black bear.
The black bear is lightly wounded.
The wall freezes the black bear.
The black bear bites you!
The black bear claws you but does no damage.
The black bear barely misses you.
Aiming: Freeze (safe; 3% risk of failure)
Press: ? - help, Q - select action Shift-Dir - straight line, f/p - black bear
Aim: a black bear (moderately wounded)
You freeze the black bear!
The black bear is heavily wounded.
The wall freezes the black bear.
The black bear closely misses you. x2
The black bear claws you.
You hit the black bear.
The black bear is severely wounded.
The wall freezes the black bear.
The black bear goes berserk!
You hit the black bear but do no damage.
The black bear is severely wounded.
The wall freezes the black bear.
The black bear bites you!
The black bear claws you but does no damage.
The black bear claws you.
The wall freezes the black bear.
The black bear closely misses you.
The black bear claws you but does no damage. x2
You hit the black bear.
The black bear is almost dead.
The wall freezes the black bear.
The black bear bites you!
You die...

### #..
#.### #...
###.#####..
#..........
#h#.....<..
#@#........
#.#######..
#<# #.####
#....#
####.#
######.###
#...)..†.#
#.####.#.#
...


You could see a black bear (berserk).

Vanquished Creatures
  2 worms (D:2)
  4 endoplasms
  4 giant cockroaches
  5 goblins
  5 hobgoblins
  2 jackals (D:2)
  3 quokkas
  6 ball pythons
  6 bats
  A frilled lizard (D:2)
  4 rats
42 creatures vanquished.

Vanquished Creatures (others)
  A plant (D:1)
1 creature vanquished.

Grand Total: 43 creatures vanquished

Notes
Turn   | Place    | Note
-------+----------+-------------------------------------------
     0 | D:1      | RascalDebosk the Ghoul Ice Elementalist began the quest for
                  | the Orb.
     0 | D:1      | Reached XP level 1. HP: 14/14 MP: 2/2
   113 | D:1      | Reached XP level 2. HP: 20/20 MP: 1/3
   466 | D:1      | Found a faded altar of an unknown god.
  1358 | D:1      | Reached XP level 3. HP: 27/27 MP: 2/5
  1430 | D:2      | Learned a level 3 spell: Frozen Ramparts
  1750 | D:2      | Reached skill level 1 in Fighting
  2414 | D:2      | Noticed a black bear
  2427 | D:2      | Slain by a black bear

Illustrated notes

Levels and vault maps discovered:
D:1:      evilmike_arrival_plus, layout_basic,
          hellmonk_ecumenical_altar_zigzags, minivault_5,
          nicolae_concentric_dashed_squares_mild
D:2:      layout_loops_corners, small_statue_intersection

Skill      XL: |  1  2  3 |
---------------+----------+-----
Spellcasting   | 2 |  2.1
Dodging        | 2 |  2.1
Fighting       | 1 |  1.1
Short Blades   | |  0.5
Stealth        | |  2.9
Ice Magic      | |  4.8

Action                   || total
-------------------------++-------
Melee: Unarmed           ||    16
       Dagger            ||    69
 Cast: Freeze            ||    42
       Frozen Ramparts   ||     1
 Stab: Sleeping          ||     5
Armor: Robe              ||    32
Dodge: Dodged            ||    87
